AAL
SHERBROOKE CANADIENS @ SAGINAW SPIRIT
08/24/2098
 
TOP OF THE 1ST
Sherbrooke Canadiens batting - Pitching for Saginaw Spirit : RHP Júlio García
Pitching: RHP Júlio García
Batting: RHB Jesús Flores 0-0: Ball
1-0: Ball
2-0: Called Strike
2-1: Ball
3-1: Swinging Strike
3-2: Strikes out swinging
Batting: RHB Zeferino Quintino 0-0: Called Strike
0-1: Foul Ball, location: 25F
0-2: Ball
1-2: Foul Ball, location: 9LMF
1-2: Ball
2-2: Ground out 4-3 (Groundball, 4M, EV 81.3 MPH)
Batting: RHB Santiago Cervantes 0-0: Called Strike
0-1: Called Strike
0-2: SINGLE (Groundball, 4MD, EV 104.4 MPH)
Batting: LHB Tomás Ramírez 0-0: Called Strike
Santiago Cervantes is caught stealing 2nd base 2-6
Top of the 1st over - 0 runs, 1 hit, 0 errors, 0 left on base; Sherbrooke 0 - Saginaw 0
BOTTOM OF THE 1ST
Saginaw Spirit batting - Pitching for Sherbrooke Canadiens : RHP Eddie Courtright
Pitching: RHP Eddie Courtright
Batting: RHB Mauro Santiago 0-0: Ball
1-0: Ball
2-0: Ball
3-0: Base on Balls
Batting: SHB Andrés Cervantes 0-0: Foul Ball, location: 9LMF
0-1: Hit by Pitch
Mauro Santiago to second
Batting: RHB Lawrence Carr 0-0: Foul Ball, location: 25F
0-1: Ball
1-1: Foul Ball, location: 9LDF
1-2: Foul Ball, location: 2F
1-2: Strikes out swinging
Batting: LHB Jason Ibarra 0-0: Called Strike
0-1: Ball
1-1: Fielders Choice at 2nd, 6-4 (Groundball, 6M, EV 76.3 MPH)
Mauro Santiago to third
Batting: RHB Jaime Nájera 0-0: Ball
Wild Pitch!
Mauro Santiago scores
Jason Ibarra to second
1-0: Called Strike
1-1: Ball
2-1: Swinging Strike
2-2: Strikes out looking
Bottom of the 1st over - 1 run, 0 hits, 0 errors, 1 left on base; Sherbrooke 0 - Saginaw 1
TOP OF THE 2ND
Sherbrooke Canadiens batting - Pitching for Saginaw Spirit : RHP Júlio García
Batting: LHB Tomás Ramírez 0-0: Ball
1-0: Ball
2-0: Ball
3-0: Called Strike
3-1: Ground out 4-3 (Groundball, 4, EV 101.9 MPH)
Batting: RHB José De Jesús 0-0: Ball
1-0: Ground out 6-3 (Groundball, 56, EV 87.5 MPH)
Batting: LHB Eric Williams 0-0: Ball
1-0: Called Strike
1-1: Ball
2-1: Ground out U3 (Groundball, 34S, EV 87.5 MPH)
Top of the 2nd over - 0 runs, 0 hits, 0 errors, 0 left on base; Sherbrooke 0 - Saginaw 1
BOTTOM OF THE 2ND
Saginaw Spirit batting - Pitching for Sherbrooke Canadiens : RHP Eddie Courtright
Batting: RHB Pepe Vázquez 0-0: Ball
1-0: Ball
2-0: Called Strike
2-1: Ball
3-1: Called Strike
3-2: Ground out 6-3 (Groundball, 6, EV 83.8 MPH)
Batting: SHB Michael Cook 0-0: Ball
1-0: Called Strike
1-1: Ball
2-1: Ground out 3-1 (Groundball, 34, EV 103.1 MPH)
Batting: RHB Colin Long 0-0: Called Strike
0-1: Ball
1-1: Ball
2-1: Called Strike
2-2: Ball
3-2: Base on Balls
Batting: RHB Miguel Torres 0-0: Fly out, F8 (Flyball, 89M, EV 96.3 MPH)
Bottom of the 2nd over - 0 runs, 0 hits, 0 errors, 1 left on base; Sherbrooke 0 - Saginaw 1
TOP OF THE 3RD
Sherbrooke Canadiens batting - Pitching for Saginaw Spirit : RHP Júlio García
Batting: RHB José Pérez 0-0: Ball
1-0: Called Strike
1-1: Called Strike
1-2: Ball
2-2: TRIPLE (Line Drive, 89XD, EV 91.3 MPH)
Batting: RHB Mario Andrade 0-0: Foul Ball, location: 7LMF
0-1: Foul Ball, location: 5SF
0-2: Ground out 5-3 (Groundball, 56, EV 76.9 MPH)
Batting: RHB Jesús Villa 0-0: Ball
1-0: Called Strike
1-1: Ball
2-1: Ball
3-1: Foul Ball, location: 2F
3-2: SINGLE (Line Drive, 4M, EV 104.4 MPH)
José Pérez scores
Batting: RHB Jesús Flores 0-0: Foul Ball, location: 2F
0-1: Ball
1-1: Swinging Strike
1-2: SINGLE (Line Drive, 8RS, EV 87.5 MPH)
Jesús Villa to second
Batting: RHB Zeferino Quintino 0-0: Foul Ball, location: 9LSF
0-1: Foul Ball, location: 2F
0-2: Ball
1-2: Foul Ball, location: 3FF
1-2: Strikes out swinging
Batting: RHB Santiago Cervantes 0-0: Ball
1-0: Called Strike
1-1: Swinging Strike
1-2: Ball
2-2: Ball
3-2: Ground out 5-3 (Groundball, 56, EV 108.1 MPH)
Top of the 3rd over - 1 run, 3 hits, 0 errors, 2 left on base; Sherbrooke 1 - Saginaw 1
BOTTOM OF THE 3RD
Saginaw Spirit batting - Pitching for Sherbrooke Canadiens : RHP Eddie Courtright
Batting: RHB Mauro Santiago 0-0: Called Strike
0-1: Ball
1-1: Fly out, F4 (Line Drive, 4, EV 75.0 MPH)
Batting: SHB Andrés Cervantes 0-0: Ball
1-0: Swinging Strike
1-1: Ball
2-1: Foul Ball, location: 2F
2-2: Fly out, F9 (Flyball, 9D, EV 91.9 MPH)
Batting: RHB Lawrence Carr 0-0: Ball
1-0: Ball
2-0: Called Strike
2-1: Ball
3-1: Base on Balls
Batting: LHB Jason Ibarra 0-0: Foul Ball, location: 3FF
0-1: Called Strike
0-2: Strikes out swinging
Bottom of the 3rd over - 0 runs, 0 hits, 0 errors, 1 left on base; Sherbrooke 1 - Saginaw 1
TOP OF THE 4TH
Sherbrooke Canadiens batting - Pitching for Saginaw Spirit : RHP Júlio García
Batting: LHB Tomás Ramírez 0-0: Foul Ball, location: 5SF
0-1: Called Strike
0-2: Ball
1-2: Ball
2-2: Ground out U3 (Groundball, 34, EV 96.9 MPH)
Batting: RHB José De Jesús 0-0: Swinging Strike
0-1: Ball
1-1: Foul Ball, location: 23F
1-2: Fly out, F7 (Flyball, 7LSF, EV 87.5 MPH)
Batting: LHB Eric Williams 0-0: Swinging Strike
0-1: Foul Ball, location: 7LDF
0-2: Ball
1-2: Strikes out swinging
Top of the 4th over - 0 runs, 0 hits, 0 errors, 0 left on base; Sherbrooke 1 - Saginaw 1
BOTTOM OF THE 4TH
Saginaw Spirit batting - Pitching for Sherbrooke Canadiens : RHP Eddie Courtright
Batting: RHB Jaime Nájera 0-0: Foul Ball, location: 9LDF
0-1: Ball
1-1: Swinging Strike
1-2: Ball
2-2: Strikes out looking
Batting: RHB Pepe Vázquez 0-0: Called Strike
0-1: Ground out 1-3 (Groundball, 13, EV 63.8 MPH)
Batting: SHB Michael Cook 0-0: Ball
1-0: Fly out, F9 (Flyball, 9D, EV 105.0 MPH)
Bottom of the 4th over - 0 runs, 0 hits, 0 errors, 0 left on base; Sherbrooke 1 - Saginaw 1
TOP OF THE 5TH
Sherbrooke Canadiens batting - Pitching for Saginaw Spirit : RHP Júlio García
Batting: RHB José Pérez 0-0: Swinging Strike
0-1: Swinging Strike
0-2: Ball
1-2: Foul Ball, location: 2F
1-2: Ball
2-2: Strikes out looking
Batting: RHB Mario Andrade 0-0: Ball
1-0: Ground out 6-3 (Groundball, 6, EV 85.0 MPH)
Batting: RHB Jesús Villa 0-0: Ball
1-0: Ball
2-0: Foul Ball, location: 9LSF
2-1: Ball
3-1: Ground out 6-3 (Groundball, 6, EV 85.0 MPH)
Top of the 5th over - 0 runs, 0 hits, 0 errors, 0 left on base; Sherbrooke 1 - Saginaw 1
BOTTOM OF THE 5TH
Saginaw Spirit batting - Pitching for Sherbrooke Canadiens : RHP Eddie Courtright
Batting: RHB Colin Long 0-0: Ball
1-0: Ball
2-0: Called Strike
2-1: Hit by Pitch
Batting: RHB Miguel Torres 0-0: Ball
1-0: Called Strike
1-1: Ball
2-1: Swinging Strike
2-2: Strikes out swinging
Batting: RHB Mauro Santiago 0-0: Hit by Pitch
Colin Long to second
Batting: SHB Andrés Cervantes 0-0: Ball
1-0: Called Strike
1-1: Ball
2-1: Called Strike
2-2: Foul Ball, location: 3F
2-2: Foul Ball, location: 9LSF
2-2: Strikes out swinging
Batting: RHB Lawrence Carr 0-0: Swinging Strike
0-1: Ball
1-1: Ground out 2-3 (Groundball, 13S, EV 65.6 MPH)
Bottom of the 5th over - 0 runs, 0 hits, 0 errors, 2 left on base; Sherbrooke 1 - Saginaw 1
TOP OF THE 6TH
Sherbrooke Canadiens batting - Pitching for Saginaw Spirit : RHP Júlio García
Batting: RHB Jesús Flores 0-0: Called Strike
0-1: Ball
1-1: Swinging Strike
1-2: Foul Ball, location: 3FF
1-2: Ball
2-2: Foul Ball, location: 9LSF
2-2: Strikes out looking
Batting: RHB Zeferino Quintino 0-0: Called Strike
0-1: Foul Ball, location: 3FF
0-2: Ball
1-2: Strikes out looking
Batting: RHB Santiago Cervantes 0-0: Ball
1-0: Fly out, F9 (Flyball, 9, EV 90.0 MPH)
Top of the 6th over - 0 runs, 0 hits, 0 errors, 0 left on base; Sherbrooke 1 - Saginaw 1
BOTTOM OF THE 6TH
Saginaw Spirit batting - Pitching for Sherbrooke Canadiens : RHP Eddie Courtright
Batting: LHB Jason Ibarra 0-0: Ball
1-0: Foul Ball, location: 9LSF
1-1: Swinging Strike
1-2: SINGLE (Line Drive, 9S, EV 91.3 MPH)
Batting: RHB Jaime Nájera 0-0: SINGLE (Line Drive, 6D, EV 105.6 MPH)
Jason Ibarra to second
Batting: RHB Pepe Vázquez 0-0: Ball
1-0: SINGLE (Groundball, 6D, EV 98.8 MPH)
Jason Ibarra to third
Jaime Nájera to second
Batting: SHB Michael Cook 0-0: Ball
1-0: Fly out, F7 (Flyball, 7S, EV 89.4 MPH)
Batting: RHB Colin Long 0-0: Ball
1-0: Swinging Strike
1-1: Foul Ball, location: 5F
1-2: Grounds into fielders choice 4-2 (Groundball, 4, EV 103.1 MPH)
Jaime Nájera to third
Pepe Vázquez to second
Batting: RHB Miguel Torres 0-0: Ball
1-0: Fly out, F8 (Flyball, 8LM, EV 90.0 MPH)
Bottom of the 6th over - 0 runs, 3 hits, 0 errors, 3 left on base; Sherbrooke 1 - Saginaw 1
TOP OF THE 7TH
Sherbrooke Canadiens batting - Pitching for Saginaw Spirit : RHP Júlio García
Pitching: LHP Álex Gómez
Pinch Hitting: RHB Jorge Gómez 0-0: Called Strike
0-1: Foul Ball, location: 9LDF
0-2: Ball
1-2: Ball
2-2: Ball
3-2: SINGLE (Flyball, 8LS, EV 93.8 MPH) - OUT at second base trying to stretch hit.
Batting: RHB José De Jesús 0-0: Swinging Strike
0-1: Ball
1-1: Foul Ball, location: 25F
1-2: Strikes out looking
Batting: LHB Eric Williams 0-0: Called Strike
0-1: SINGLE (Groundball, 4MS, EV 66.3 MPH)
Batting: RHB José Pérez 0-0: Ball
1-0: Fielders Choice at 2nd, U4 (Groundball, 4M, EV 101.3 MPH)
Top of the 7th over - 0 runs, 2 hits, 0 errors, 1 left on base; Sherbrooke 1 - Saginaw 1
BOTTOM OF THE 7TH
Saginaw Spirit batting - Pitching for Sherbrooke Canadiens : RHP Eddie Courtright
Now in RF: Juan Rodríguez
Batting: RHB Mauro Santiago 0-0: Ball
1-0: Foul Ball, location: 7LSFF
1-1: Called Strike
1-2: Ball
2-2: Strikes out swinging
Batting: SHB Andrés Cervantes 0-0: Called Strike
0-1: Foul Ball, location: 5DF
0-2: Strikes out swinging
Batting: RHB Lawrence Carr 0-0: Ball
1-0: Ball
2-0: Ball
3-0: Called Strike
3-1: Foul Ball, location: 2F
3-2: Base on Balls
Pitching: LHP Manny Cortéz
Batting: LHB Jason Ibarra 0-0: Ball
1-0: Fly out, F9 (Line Drive, 9, EV 98.8 MPH)
Bottom of the 7th over - 0 runs, 0 hits, 0 errors, 1 left on base; Sherbrooke 1 - Saginaw 1
TOP OF THE 8TH
Sherbrooke Canadiens batting - Pitching for Saginaw Spirit : LHP Álex Gómez
Batting: RHB Mario Andrade 0-0: Swinging Strike
0-1: Swinging Strike
0-2: Ball
1-2: Ball
2-2: Ball
3-2: Strikes out swinging
Batting: RHB Jesús Villa 0-0: Called Strike
0-1: Ball
1-1: Swinging Strike
1-2: Strikes out swinging
Batting: RHB Jesús Flores 0-0: Fly out, F7 (Flyball, 7LD, EV 86.9 MPH)
Top of the 8th over - 0 runs, 0 hits, 0 errors, 0 left on base; Sherbrooke 1 - Saginaw 1
BOTTOM OF THE 8TH
Saginaw Spirit batting - Pitching for Sherbrooke Canadiens : LHP Manny Cortéz
Batting: RHB Jaime Nájera 0-0: Called Strike
0-1: Called Strike
0-2: Foul Ball, location: 5FF
0-2: Fly out, F6 (Line Drive, 56, EV 63.1 MPH)
Batting: RHB Pepe Vázquez 0-0: Ball
1-0: Called Strike
1-1: Foul Ball, location: 2F
1-2: Foul Ball, location: 2F
1-2: Fly out, F8 (Line Drive, 89M, EV 89.4 MPH)
Batting: SHB Michael Cook 0-0: Foul Ball, location: 9LSF
0-1: Ball
1-1: Foul Ball, location: 2F
1-2: Strikes out swinging
Bottom of the 8th over - 0 runs, 0 hits, 0 errors, 0 left on base; Sherbrooke 1 - Saginaw 1
TOP OF THE 9TH
Sherbrooke Canadiens batting - Pitching for Saginaw Spirit : LHP Álex Gómez
Batting: RHB Zeferino Quintino 0-0: Called Strike
0-1: Called Strike
0-2: Ball
1-2: Strikes out swinging
Batting: RHB Santiago Cervantes 0-0: Ground out 5-3 (Groundball, 56, EV 86.3 MPH)
Pitching: RHP Rich Jáquez
Batting: RHB Juan Rodríguez 0-0: Ball
1-0: Ball
2-0: Swinging Strike
2-1: Ball
3-1: Swinging Strike
3-2: Strikes out swinging
Top of the 9th over - 0 runs, 0 hits, 0 errors, 0 left on base; Sherbrooke 1 - Saginaw 1
BOTTOM OF THE 9TH
Saginaw Spirit batting - Pitching for Sherbrooke Canadiens : LHP Manny Cortéz
Pitching: RHP Nick Graham
Batting: RHB Colin Long 0-0: Ball
1-0: Ball
2-0: Called Strike
2-1: Called Strike
2-2: Ball
3-2: Strikes out swinging
Pinch Hitting: LHB Jesús López 0-0: Ball
1-0: Called Strike
1-1: Foul Ball, location: 3SF
1-2: Fly out, F9 (Line Drive, 9S, EV 106.3 MPH)
Batting: RHB Mauro Santiago 0-0: Foul Ball, location: 2F
0-1: Foul Ball, location: 2F
0-2: SOLO HOME RUN (Flyball, 78XD, EV 111.3 MPH), Distance : 453 ft
Bottom of the 9th over - 1 run, 1 hit, 0 errors, 0 left on base; Sherbrooke 1 - Saginaw 2
Wednesday, May 1st , 2024 - OOTP Baseball 24.6 Build 69